 Dungeon Crawl Stone Soup version 0.23.1 (webtiles) character file.

Game seed: 11814255570832555427

11959 Ethylacetat the Carver (level 11, -3/109 HPs)
             Began as a Naga Gladiator on Mar 4, 2019.
             Was an Elder of Cheibriados.
             Slain by a seven-headed hydra (9 damage)
             ... on level 11 of the Dungeon.
             The game lasted 00:49:33 (13985 turns).

Ethylacetat the Carver (Naga Gladiator)            Turns: 13985, Time: 00:49:33

Health: -3/109     AC: 11    Str: 30    XL:     11   Next: 85%
Magic:  9/14       EV: 11    Int: 17    God:    Cheibriados [****..]
Gold:   617        SH:  5    Dex: 21    Spells: 10/10 levels left

rFire    . . .     SeeInvis +   I - +1 scimitar (flame)
rCold    + . .     Gourm    .   B - +0 buckler
rNeg     . . .     Faith    .   v - +3 leather armour {rPois}
rPois    +         Spirit   .   c - +0 helmet
rElec    .         Reflect  .   z - +0 cloak
rCorr    .         Harm     .   E - +0 pair of gloves
MR       +++..     Clarity  +   (no barding)
Stlth    ++........             F - amulet of regeneration
HPRegen  0.68/turn              r - ring of protection from magic
MPRegen  0.14/turn              y - ring of protection from cold

@: very slow
A: large, see invisible, clarity, deformed body, magic resistance 1, poison
resistance, slowness 2, slow metabolism 1, spit poison 1, AC +3
a: Spit Poison, Bend Time, Temporal Distortion, Slouch, Renounce Religion


You were on level 11 of the Dungeon.
You worshipped Cheibriados.
Cheibriados was greatly pleased with you.
You were not hungry.

You visited 2 branches of the dungeon, and saw 12 of its levels.
You also visited: Sewer.

You collected 617 gold pieces.

Inventory:

Hand Weapons
 s - a +0 longbow
 t - a +0 scimitar
 u - a +2 short sword of venom
 I - a +1 scimitar of flaming (weapon)
 J - a +1 scimitar of freezing
Missiles
 o - 29 poisoned needles
 w - 256 arrows
Armour
 c - a +0 helmet (worn)
 v - a +3 leather armour of poison resistance (worn)
 z - a +0 cloak (worn)
 B - a +0 buckler (worn)
 E - a +0 pair of gloves (worn)
Jewellery
 m - an uncursed amulet of magic regeneration
 r - a ring of protection from magic (left hand)
 y - a ring of protection from cold (right hand)
 F - an amulet of regeneration (around neck)
Wands
 b - a wand of polymorph (17)
 j - a wand of paralysis (8)
 G - a wand of iceblast (12)
Scrolls
 a - 3 scrolls of amnesia {unknown}
 g - 2 scrolls of blinking {unknown}
 h - a scroll of random uselessness {unknown}
 i - 5 scrolls of teleportation
 k - 7 scrolls of remove curse
 l - 5 scrolls of magic mapping
 n - a scroll of noise {unknown}
 p - 15 scrolls of identify {unknown}
 q - a scroll of enchant weapon {unknown}
 A - 4 scrolls of fear {unknown}
 C - a scroll of torment {unknown}
 D - 3 scrolls of immolation {unknown}
 H - a scroll of fog {unknown}
Potions
 e - a potion of flight
 x - 2 potions of brilliance
Comestibles
 d - 4 chunks of flesh
 f - 12 rations


   Skills:
 + Level 10.2 Fighting
 * Level 13.9 Long Blades
 - Level 1.7 Throwing
 - Level 3.0 Armour
 - Level 2.5 Dodging
 - Level 2.4 Shields
 * Level 4.3 Invocations


You had 10 spell levels left.
You didn't know any spells.
Your spell library was empty.

Dungeon Overview and Level Annotations

Branches:
Dungeon (11/15)            Temple (1/1) D:5            Lair (0/6) D:8
    Orc: D:9-12

Altars:
Ashenzari
Cheibriados
Dithmenos
Elyvilon
Fedhas
Gozag
Hepliaklqana
Kikubaaqudgha
Makhleb
Nemelex Xobeh
Okawaru
Qazlal
Ru
Sif Muna
Trog
Uskayaw
Vehumet
Wu Jian
Xom
Yredelemnul
Zin
The Shining One

Shops:
D:10 [


Innate Abilities, Weirdness & Mutations

You cannot wear boots.
Your serpentine skin is tough. (AC +3)
You have supernaturally acute eyesight. (SInv)
Armour fits poorly on your strangely shaped body.
Your system is resistant to poisons. (rPois)
You cover ground very slowly.
You have a slow metabolism.
You can spit poison.
You possess an exceptional clarity of mind.
You are resistant to hostile enchantments. (MR+)


Message History

The seven-headed hydra bites you!
* * * LOW HITPOINT WARNING * * *
You block the seven-headed hydra's attack.
The seven-headed hydra bites you.
* * * LOW HITPOINT WARNING * * *
You can feel time thicken for a moment.
You kill the bullfrog!
Cheibriados thoroughly appreciates the change of pace.
You destroy the shadow!
Cheibriados thoroughly appreciates the change of pace.
You feel somewhat more hungry.
Cheibriados lowers the support of your attributes as your movement quickens.
The seven-headed hydra bites you.
* * * LOW HITPOINT WARNING * * *
The seven-headed hydra closely misses you.
The seven-headed hydra bites you but does no damage.
The seven-headed hydra bites you.
* * * LOW HITPOINT WARNING * * *
The seven-headed hydra bites you!
You die...

.≈...........#
..≈.......#.##
#####.#####.#####
#...(.........#
#.#.#########.########
#+### #........#
######.######.#
#..............#
#..####.@####..#
#.....D..# #..####..#
#.# #.# ... ... #..
... #. ..# ..# #


You could see a seven-headed hydra.

Vanquished Creatures
  A centaur warrior (D:11)
  Erica (D:10)
  A death yak (D:8)
  An unseen horror (D:11)
  An ugly thing (D:9)
  A cyclops (D:10)
  A centaur zombie (D:10)
  Psyche (D:8)
  2 trolls
  Sigmund (D:3)
  9 yaks
  2 shadows (D:11)
  2 hungry ghosts (D:8)
  2 water moccasins (D:8)
  2 porcupines (D:8)
  2 sky beasts (D:7)
  2 ice beasts
  A black bear (D:9)
  A phantom (D:10)
  4 orc warriors
  A hornet zombie (D:10)
  3 ogres
  3 centaurs
  A big kobold (Sewer)
  3 bullfrogs (D:11)
  3 gnoll sergeants
  An elf skeleton (D:7)
  2 scorpions (D:8)
  11 wights
  4 howler monkeys
  3 crimson imps
  A bullfrog zombie (D:8)
  2 quasits
  9 orc priests
  7 hounds
  2 bullfrog skeletons
  A human zombie (D:7)
  A jelly (D:9)
  6 human skeletons (D:7)
  Ijyb (D:3)
  Terence (D:3)
  6 iguanas
  13 orc wizards
  A hell rat (D:8)
  15 worker ants
  A hound skeleton (D:5)
  21 gnolls
  A howler monkey skeleton (D:6)
  4 river rats
  17 adders
  3 shadow imps
  An adder skeleton (D:7)
  4 worms
  2 dart slugs
  6 leopard geckos
  47 orcs
  7 bats
  9 giant cockroaches
  2 goblins
  5 hobgoblins
  10 jackals
  7 kobolds
  6 quokkas
  2 ball pythons
  7 frilled lizards
  2 orc skeletons (D:7)
  An orc zombie (D:7)
  8 rats
  2 bushes (D:2)
314 creatures vanquished.

Vanquished Creatures (others)
  A spriggan (D:7)
1 creature vanquished.

Grand Total: 315 creatures vanquished

Notes
Turn   | Place    | Note
-------+----------+-------------------------------------------
     0 | D:1      | Ethylacetat the Naga Gladiator began the quest for the Orb.
     0 | D:1      | Reached XP level 1. HP: 19/19 MP: 1/1
   135 | D:1      | Reached XP level 2. HP: 20/26 MP: 2/2
   801 | D:1      | Reached XP level 3. HP: 19/33 MP: 3/3
  1362 | D:2      | Reached skill level 4 in Long Blades
  1424 | D:2      | HP: 1/33 [adder (3)]
  1530 | D:2      | Reached XP level 4. HP: 31/40 MP: 4/4
  1567 | D:2      | Found an iron altar of Okawaru.
  1861 | D:2      | Found a burning altar of Makhleb.
  2345 | D:2      | Reached XP level 5. HP: 35/49 MP: 5/5
  2384 | D:3      | Noticed Ijyb
  2641 | D:3      | Found a glowing drain.
  2663 | D:3      | Reached skill level 5 in Long Blades
  2771 | Sewer    | Entered a sewer
  3022 | Sewer    | Noticed a big kobold
  3041 | Sewer    | Killed a big kobold
  3041 | Sewer    | Reached XP level 6. HP: 45/57 MP: 6/6
  3062 | Sewer    | Found a white marble altar of Elyvilon.
  3118 | D:3      | Noticed Terence
  3139 | D:3      | Killed Terence
  3145 | D:3      | Reached skill level 6 in Long Blades
  3800 | D:3      | Killed Ijyb
  3843 | D:3      | Noticed Sigmund
  3859 | D:3      | Killed Sigmund
  3859 | D:3      | Reached XP level 7. HP: 49/66 MP: 7/7
  4176 | D:3      | Reached skill level 7 in Long Blades
  4549 | D:4      | Reached skill level 5 in Fighting
  5111 | D:4      | Found a white marble altar of Elyvilon.
  5111 | D:4      | Found a bloodstained altar of Trog.
  5115 | D:4      | Found a sacrificial altar of Ru.
  5167 | D:5      | Entered Level 5 of the Dungeon
  5172 | D:5      | Reached XP level 8. HP: 74/74 MP: 8/8
  5338 | D:5      | Reached skill level 8 in Long Blades
  5632 | D:5      | Found a staircase to the Ecumenical Temple.
  5667 | Temple   | Entered the Ecumenical Temple
  6337 | D:6      | Reached skill level 9 in Long Blades
  6708 | D:6      | Found a snail-covered altar of Cheibriados.
  6709 | D:6      | Found a glowing golden altar of the Shining One.
  6893 | D:7      | Reached XP level 9. HP: 72/85 MP: 9/9
  6925 | D:7      | Reached skill level 1 in Shields
  6927 | D:7      | Found a radiant altar of Vehumet.
  7009 | D:7      | Found a shimmering altar of Xom.
  7009 | D:7      | Found a burning altar of Makhleb.
  7223 | D:7      | Reached skill level 10 in Long Blades
  8918 | D:6      | Found a blossoming altar of Fedhas.
  8918 | D:6      | Found a hazy altar of Hepliaklqana.
  8922 | D:6      | Became a worshipper of Cheibriados the Contemplative
  8972 | D:8      | Noticed a death yak
  8972 | D:8      | Noticed a death yak
  9143 | D:8      | Reached skill level 11 in Long Blades
  9279 | D:8      | Reached XP level 10. HP: 26/96 MP: 10/10
  9786 | D:8      | Gained mutation: You are resistant to hostile enchantments.
                  | (MR+) [potion of mutation]
  9786 | D:8      | Gained mutation: You possess an exceptional clarity of
                  | mind. [potion of mutation]
  9786 | D:8      | HP: 3/96 [yak (12)]
 10204 | D:8      | Noticed Psyche
 10214 | D:8      | Killed Psyche
 10263 | D:8      | Reached * piety under Cheibriados
 10384 | D:8      | Found a staircase to the Lair.
 10483 | D:8      | Reached skill level 12 in Long Blades
 11045 | D:8      | Reached skill level 1 in Armour
 11233 | D:8      | Reached ** piety under Cheibriados
 11534 | D:8      | Paralysed by fainting for 7 turns
 12151 | D:9      | Noticed a cyan ugly thing
 12337 | D:9      | Reached XP level 11. HP: 99/106 MP: 11/11
 12358 | D:9      | Killed a cyan ugly thing
 12380 | D:9      | Reached *** piety under Cheibriados
 12440 | D:10     | Entered Level 10 of the Dungeon
 12456 | D:10     | Reached skill level 13 in Long Blades
 12480 | D:10     | Found Saolum's Antique Armour Emporium.
 12602 | D:10     | Noticed a cyclops
 12615 | D:10     | Killed a cyclops
 13263 | D:10     | Reached **** piety under Cheibriados
 13365 | D:10     | Noticed Erica
 13375 | D:10     | Killed Erica
 13375 | D:10     | Reached skill level 1 in Invocations
 13587 | D:8      | Noticed a death yak
 13603 | D:8      | Killed a death yak
 13603 | D:8      | Reached skill level 10 in Fighting
 13781 | D:11     | Noticed an unseen horror
 13791 | D:11     | Killed an unseen horror
 13818 | D:11     | Noticed a centaur warrior
 13826 | D:11     | Killed a centaur warrior
 13978 | D:11     | Noticed an eight-headed hydra
 13985 | D:11     | Slain by a seven-headed hydra

Skill      XL: |  1  2  3  4  5  6  7  8  9 10 11 |
---------------+----------------------------------+-----
Long Blades    | 4 5 6 7 9 11 12 13 | 13.9
Fighting       | 3 4 5 6 8 9 10 | 10.2
Shields        | 2 |  2.4
Armour         | 2 3 |  3.0
Invocations    | 4 |  4.3
Throwing       | |  1.7
Dodging        | |  2.5

Action                   |  1- 3 |  4- 6 |  7- 9 | 10-12 || total
-------------------------+-------+-------+-------+-------++-------
Melee: Long sword        |   194 |   165 |   493 |   124 ||   976
       Dagger            |       |   504 |    88 |       ||   592
       Short sword       |       |       |    51 |       ||    51
       Scimitar          |       |       |       |   388 ||   388
Throw: Throwing net      |       |     3 |     1 |     6 ||    10
Invok: Slouch            |       |       |       |     1 ||     1
       Temporal Distorti |       |       |       |     1 ||     1
Evoke: Wand              |       |       |       |     1 ||     1
  Use: Potion            |     2 |     7 |     8 |     4 ||    21
       Scroll            |       |       |     2 |     3 ||     5
 Stab: Invisible         |     1 |       |       |       ||     1
       Held in net/web   |       |     2 |     1 |     4 ||     7
       Sleeping          |       |       |     1 |       ||     1
       Confused          |       |       |     1 |       ||     1
  Eat: Chunk             |     1 |     8 |    14 |    19 ||    42
Armor: Leather armour    |    34 |   127 |   198 |   198 ||   557
       Skin              |       |       |    27 |     7 ||    34
Dodge: Dodged            |    62 |   155 |   265 |   224 ||   706
Block: Buckler           |       |       |    38 |   134 ||   172
       Rpst.: Long sword |    25 |    25 |    71 |    15 ||   136
       Scimitar          |       |       |       |    50 ||    50
